AoeStats
← ALVICEN

Black Forest

510133899Analyzed
4v4 RM · 1d ago on Sep 29, 2026· 82m 15s· 8 players
Game mode
Random Map
Map size
Large (8 player)
Population
200
Speed
Normal
Resources
Standard
Victory
Conquest
Starting age
Dark Age
Ending age
Imperial Age
RankedLock teamsTeams togetherTeam positionsShared explorationLock speedFull tech treeHidden civsTurbo modeCheats
Victory
Defeat
🇨🇳 Hindustanis · China
882
+10
🇦🇺 Celts · Australia
746
+15
🇨🇳 Khmer · China
631
+20
🇨🇳 Khmer · China
612
+20
🇮🇹 Huns · Italy
848
-22
🇳🇱 Portuguese · Netherlands
725
-16
🇪🇸 Celts · Spain
701
-15
🇫🇷 Franks · France
623
-21
Catholic King ArmandoNL
0:25 Loom
12:21 Feudal Age
12:57 Horse Collar
13:03 Double-Bit Axe
23:29 Castle Age
24:20 Bow Saw
24:11 Heavy Plow
28:29 Wheelbarrow
27:39 Town Watch
28:58 Caravan
30:02 Fortified Wall
30:08 Murder Holes
32:03 Hand Cart
36:21 Imperial Age
34:57 Stone Mining
34:57 Gold Mining
36:40 Scale Barding Armor
36:35 Scale Mail Armor
36:40 Scale Barding Armor
36:36 Scale Mail Armor
36:36 Padded Archer Armor
36:26 Fletching
36:47 Forging
36:50 Bloodlines
36:40 Husbandry
36:01 Light Cavalry
36:30 Gambesons
36:05 Man-at-Arms
36:55 Thumb Ring
36:11 Elite Skirmisher
37:07 Pikeman
38:32 Town Patrol
39:20 Masonry
39:16 Siege Engineers
38:52 Treadmill Crane
39:46 Ballistics
40:32 Chemistry
41:03 Crop Rotation
41:36 Two-Man Saw
41:00 Ballistics
41:10 Architecture
41:36 Capped Ram
43:52 Chain Barding Armor
43:47 Chain Mail Armor
43:47 Leather Archer Armor
43:28 Bodkin Arrow
44:08 Iron Casting
43:23 Arson
43:10 Crossbowman
43:41 Arson
43:28 Cavalier
45:39 Conscription
44:50 Sappers
44:41 Elite Organ Gun
46:14 Plate Barding Armor
46:10 Plate Mail Armor
46:22 Arquebus
49:26 Ring Archer Armor
48:56 Bracer
49:57 Blast Furnace
48:20 Arbalester
49:37 Sanctity
49:32 Block Printing
50:52 Halberdier
50:55 Long Swordsman
51:36 Onager
55:10 Two-Handed Swordsman
57:33 Champion
63:02 Theocracy
72:03 Guilds
72:31 Fervor
72:25 Devotion
Danhowser
15:25 Feudal Age
17:56 Wheelbarrow
19:38 Double-Bit Axe
25:12 Castle Age
26:51 Hand Cart
27:00 Husbandry
27:14 Caravan
28:16 Bow Saw
27:59 Gold Mining
30:25 Gold Shaft Mining
30:31 Stone Mining
32:43 Pikeman
33:25 Squires
41:30 Imperial Age
42:07 Town Watch
42:49 Forging
42:45 Scale Barding Armor
43:01 Masonry
42:59 Cavalier
43:11 Elite Throwing Axeman
46:20 Architecture
46:13 Chain Barding Armor
46:31 Iron Casting
45:52 Fletching
46:02 Padded Archer Armor
46:03 Scale Mail Armor
48:41 Paladin
50:09 Town Patrol
53:09 Chivalry
54:03 Plate Barding Armor
54:30 Blast Furnace
53:37 Bodkin Arrow
54:01 Leather Archer Armor
56:31 Halberdier
58:02 Onager
60:46 Chain Mail Armor
70:02 Gambesons
ALVICEN
0:27 Loom
12:41 Feudal Age
13:34 Town Watch
24:12 Castle Age
22:06 Fishing Lines
22:16 Double-Bit Axe
22:13 Horse Collar
25:43 Wheelbarrow
25:03 Gillnets
25:28 Heavy Plow
25:41 Bow Saw
27:12 Hand Cart
27:21 Stone Mining
31:43 Caravan
32:53 Fortified Wall
32:54 Masonry
32:40 Murder Holes
32:40 Gambesons
33:35 Stronghold
33:41 Fletching
34:26 Gold Mining
35:13 Stone Shaft Mining
36:14 Town Patrol
37:47 Gold Shaft Mining
37:00 Pikeman
37:30 Arson
38:14 Bodkin Arrow
42:20 Ballistics
44:46 Imperial Age
42:48 Forging
42:39 Scale Mail Armor
45:32 Iron Casting
45:13 Chain Mail Armor
44:59 Padded Archer Armor
45:26 Halberdier
46:29 Heavy Scorpion
48:47 Conscription
48:52 Furor Celtica
48:57 Elite Woad Raider
59:42 Blast Furnace
Miccit88
2:21 Loom
10:32 Feudal Age
11:19 Double-Bit Axe
11:52 Horse Collar
20:17 Castle Age
18:30 Stone Mining
19:07 Gold Mining
20:06 Forging
21:34 Bow Saw
22:10 Scale Barding Armor
24:20 Heavy Plow
25:00 Husbandry
25:46 Caravan
27:05 Wheelbarrow
26:56 Marauders
29:32 Gold Shaft Mining
33:38 Imperial Age
31:38 Hand Cart
31:34 Squires
32:56 Ballistics
32:00 Pikeman
32:02 Elite Skirmisher
33:02 Town Watch
33:54 Iron Casting
33:40 Chain Barding Armor
33:10 Fletching
33:23 Padded Archer Armor
33:23 Scale Mail Armor
34:44 Conscription
34:54 Elite Tarkan
36:43 Plate Barding Armor
38:08 Chemistry
39:23 Blast Furnace
38:20 Bodkin Arrow
42:06 Bracer
42:55 Thumb Ring
43:03 Halberdier
64:55 Chain Mail Armor
PIGGA
0:28 Loom
12:01 Feudal Age
13:18 Wheelbarrow
12:42 Double-Bit Axe
12:39 Horse Collar
15:45 Fishing Lines
20:17 Stone Mining
23:30 Castle Age
21:44 Stone Mining
24:36 Hand Cart
25:10 Gillnets
28:32 Gold Mining
29:55 Heavy Plow
30:10 Bow Saw
32:13 Stone Shaft Mining
32:15 Gold Shaft Mining
31:54 Caravan
32:41 Fletching
33:02 Forging
32:53 Scale Mail Armor
34:20 Murder Holes
38:06 Imperial Age
36:33 Iron Casting
36:13 Chain Mail Armor
35:54 Bodkin Arrow
36:54 Town Watch
37:34 Ballistics
37:25 Masonry
38:39 Town Patrol
38:53 Siege Engineers
39:49 Chemistry
39:52 Blast Furnace
39:23 Plate Mail Armor
38:18 Heavy Scorpion
38:20 Onager
39:38 Conscription
41:44 Fortified Wall
47:26 Pikeman
47:53 Arson
47:57 Gambesons
48:31 Siege Onager
50:21 Furor Celtica
49:35 Elite Woad Raider
79:26 Spies/Treason
only1
0:37 Loom
11:11 Feudal Age
17:29 Castle Age
26:01 Double-Bit Axe
25:58 Horse Collar
26:11 Gold Mining
26:15 Stone Mining
29:07 Bow Saw
31:37 Imperial Age
29:57 Fortified Wall
30:41 Gold Shaft Mining
30:44 Stone Shaft Mining
32:21 Heavy Plow
33:41 Two-Man Saw
33:06 Conscription
33:40 Husbandry
33:50 Bloodlines
33:01 Heavy Camel Rider
33:59 Bloodlines
33:58 Scale Barding Armor
34:03 Forging
35:03 Hoardings
35:10 Imperial Camel Rider
35:58 Town Watch
37:04 Wheelbarrow
37:07 Caravan
37:37 Coinage
39:59 Chemistry
39:33 Chain Barding Armor
39:48 Iron Casting
41:11 Hand Cart
40:57 Town Patrol
41:59 Plate Barding Armor
42:32 Ballistics
41:50 Siege Elephant
42:37 Onager
43:27 Siege Engineers
43:58 Banking
46:33 Masonry
47:31 Blast Furnace
46:32 Scale Mail Armor
52:44 Guard Tower
53:05 Clinker Construction
53:06 Careening
52:51 Murder Holes
52:37 Elite Ghulam
53:17 Grand Trunk Road
53:18 Shatagni
AYW
10:59 Feudal Age
15:44 Loom
19:30 Castle Age
17:56 Double-Bit Axe
28:48 Horse Collar
29:22 Bow Saw
29:22 Caravan
29:56 Coinage
30:03 Caravan
31:18 Wheelbarrow
31:20 Heavy Plow
35:53 Scale Barding Armor
35:48 Scale Mail Armor
35:59 Forging
35:39 Fletching
35:50 Padded Archer Armor
36:11 Hand Cart
38:27 Imperial Age
36:10 Masonry
36:21 Ballistics
37:36 Stone Mining
37:39 Gold Mining
38:15 Chain Barding Armor
38:11 Chain Mail Armor
40:30 Iron Casting
40:53 Banking
43:14 Stone Shaft Mining
43:16 Gold Shaft Mining
43:19 Crop Rotation
43:28 Plate Barding Armor
43:09 Leather Archer Armor
42:49 Bodkin Arrow
43:55 Blast Furnace
43:28 Architecture
43:59 Chemistry
43:05 Siege Engineers
50:30 Double Crossbow
50:51 Conscription
50:32 Tusk Swords
49:53 Elite Ballista Elephant
51:08 Hoardings
50:37 Double Crossbow
56:43 Elite Battle Elephant
56:44 Cavalier
57:24 Husbandry
56:52 Cavalier
57:33 Husbandry
72:22 Ring Archer Armor
71:53 Bracer
北风
0:35 Loom
14:01 Feudal Age
14:41 Horse Collar
15:49 Double-Bit Axe
18:36 Gold Mining
18:59 Stone Mining
21:44 Castle Age
23:08 Gold Shaft Mining
23:11 Stone Shaft Mining
22:39 Heavy Plow
24:05 Bow Saw
25:39 Caravan
29:10 Wheelbarrow
29:30 Town Watch
31:40 Hand Cart
36:32 Imperial Age
35:03 Scale Barding Armor
35:09 Forging
35:57 Town Patrol
36:24 Ballistics
36:15 Husbandry
36:35 Bloodlines
37:09 Murder Holes
37:25 Fortified Wall
37:58 Iron Casting
39:18 Masonry
39:14 Siege Engineers
40:10 Chemistry
39:33 Chain Barding Armor
42:07 Blast Furnace
41:43 Plate Barding Armor
43:07 Elite Ballista Elephant
43:49 Double Crossbow
43:50 Tusk Swords
44:26 Hoardings
44:12 Conscription
44:49 Elite Battle Elephant
46:51 Crop Rotation
47:57 Architecture
47:26 Fletching
47:24 Heavy Scorpion
50:38 Devotion
51:08 Bodkin Arrow
51:14 Padded Archer Armor
51:14 Scale Mail Armor
53:05 Pikeman
53:30 Arson
53:08 Crossbowman
53:09 Elite Skirmisher
53:11 Heavy Cavalry Archer
54:16 Parthian Tactics
55:37 Bracer
55:52 Leather Archer Armor
55:53 Chain Mail Armor
55:00 Halberdier
55:03 Arbalester
55:51 Cavalier
55:53 Light Cavalry
56:32 Capped Ram
56:33 Onager
57:10 Guard Tower
57:52 Ring Archer Armor
56:46 Hussar
57:54 Faith
57:45 Fervor
57:38 Siege Ram
75:34 Redemption
75:45 Sanctity
75:51 Illumination
75:22 Herbal Medicine
76:03 Theocracy
78:07 Spies/Treason
Connection lost

Rejoining the realm…

Still unreachable

The connection could not be restored.

Session expired

The server has moved on; the page needs a fresh start.